 Dungeon Crawl Stone Soup version 0.31-a0-198-g2ad674f65e (webtiles) character file.

Game seed: 6706025341270271456

112 qw the Skirmisher (level 4, -1/25 HPs)
             Began as a Deep Elf Hunter on June 25, 2023.
             Succumbed to an adder's poison
             ... on level 3 of the Dungeon.
             The game lasted 00:00:51 (1746 turns).

qw the Skirmisher (Deep Elf Hunter)                 Turns: 1746, Time: 00:00:51

Health: -1/25      AC:  7    Str: 10    XL:     4   Next: 63%
Magic:  6/6        EV: 11    Int: 14    God:
Gold:   98         SH:  0    Dex: 18    Spells: 3/3 levels left

rFire   . . .        Y - +0 shortbow
rCold   . . .        (shield currently unavailable)
rNeg    . . .        b - +0 ring mail {rPois}
rPois   +            h - +2 hat
rElec   .            (no cloak)
rCorr   .            (no gloves)
SInv    .            (no boots)
Will    .....        (no amulet)
Stlth   +            (no ring)
HPRegen 0.24/turn    (no ring)
MPRegen 0.10/turn

%: no passive effects
@: lethally poisoned (-1 -> -2)
A: no striking features
a: no special abilities


You were on level 3 of the Dungeon.
You visited 1 branch of the dungeon, and saw 3 of its levels.

You collected 98 gold pieces.


   Skills:
 - Level 1.5 Fighting
 + Level 8.1 Ranged Weapons
 - Level 2.4 Dodging
 - Level 1.2 Stealth


You had 3 spell levels left.
You didn't know any spells.
Your spell library was empty.

Inventory:

Hand Weapons
 Y - a +0 shortbow (weapon)
Armour
 b - a +0 ring mail of poison resistance (worn)
 h - a +2 hat (worn)
Scrolls
 a - 3 scrolls of identify
 c - a scroll of fog {unknown}
Potions
 d - 2 potions of enlightenment
 g - a potion of resistance
 i - a potion of mutation
 j - 2 potions of curing

Dungeon Overview and Level Annotations

Branches:
Dungeon (3/15)

Altars:


Message History

The magic dart hits you!
You shoot an arrow. The arrow hits the adder.
The adder is lightly wounded.
You shoot an arrow. The arrow hits the adder.
The adder is moderately wounded.
The adder barely misses you. The endoplasm freezes you.
You are frozen.
The adder misses you.
You shoot an arrow. The arrow barely misses the adder.
The adder bites you but does no damage. The endoplasm freezes you.
You are frozen.
You shoot an arrow. The arrow closely misses the adder.
The adder misses you. The endoplasm barely misses you.
You shoot an arrow. The arrow hits the adder.
The adder is severely wounded.
The adder bites you.
You are poisoned.
The adder poisons you! The endoplasm freezes you.
You are frozen.
The rat barely misses you. The adder bites you but does no damage.
You shoot an arrow. The arrow barely misses the adder.
You feel sick. The adder barely misses you. The rat bites you.
The endoplasm hits you but does no damage.
You shoot an arrow. The arrow misses the adder.
You feel sick. The adder misses you. The rat bites you.
The endoplasm freezes you.
You are frozen.
The adder barely misses you.
You shoot an arrow. The arrow hits the adder.
The adder is severely wounded.
You feel sick. The rat closely misses you. The endoplasm barely misses you.
The adder bites you but does no damage.
You shoot an arrow. The arrow hits the adder.
The adder is almost dead.
You feel sick. The adder misses you. The rat completely misses you.
The endoplasm hits you but does no damage.
The adder closely misses you.
You shoot an arrow. The arrow barely misses the adder.
You die...

.#####.#.##........#.###....#
#.###..........#.< .###
##.#.##........... #
##.#####...####### ###
#.......# #.##.##.# #.#..# .#
#.#%###.#### #...@S{.....
#...rJ..)... #.>.#.......
#...#.###### #...#.# #...#.#
#..[#.# #... .#


You could see an adder, an endoplasm and a rat.

Vanquished Creatures
  4 adders
  A worm (D:2)
  2 orcs (D:3)
  10 ball pythons
  6 bats
  6 endoplasms
  2 giant cockroaches (D:2)
  5 goblins
  4 hobgoblins
  8 jackals
  4 kobolds
  2 quokkas
  3 frilled lizards
  7 rats
64 creatures vanquished.

Notes
Turn   | Place    | Note
-------+----------+-------------------------------------------
     0 | D:1      | qw the Deep Elf Hunter began the quest for the Orb.
     0 | D:1      | Reached XP level 1. HP: 12/12 MP: 3/3
     0 | D:1      | 0 ||| qw: Version: 0.3-a-22-g0ed2b0b
     0 | D:1      | 0 ||| qw: Game counter: 5091
     0 | D:1      | 0 ||| qw: Melee chars always use a shield: true
     0 | D:1      | 0 ||| qw: God list: Okawaru
     0 | D:1      | 0 ||| qw: Allow faded altars: false
     0 | D:1      | 0 ||| qw: Do Orc after clearing Dungeon:15 true
     0 | D:1      | 0 ||| qw: Do second Lair branch before Depths: true
     0 | D:1      | 0 ||| qw: Lair rune preference: random
     0 | D:1      | 0 ||| qw: Goals: Normal
     0 | D:1      | 0 ||| PLANNING D:1-11
   131 | D:1      | Reached XP level 2. HP: 9/16 MP: 4/4
   132 | D:1      | Reached skill level 6 in Ranged Weapons
   462 | D:1      | Reached XP level 3. HP: 20/20 MP: 5/5
   645 | D:1      | 645 ||| UPGRADING to +2 hat.
   650 | D:1      | 650 ||| UPGRADING to +0 ring mail.
   660 | D:1      | 660 ||| DROPPING +0 leather armour.
   661 | D:1      | 661 ||| READING 3 scrolls labelled GOFEYLLEPOEGG.
   662 | D:1      | 662 ||| READING scroll labelled TENOGH QIMAL.
   663 | D:1      | 663 ||| READING scroll labelled QONUQUOFF.
   664 | D:1      | 664 ||| READING 2 scrolls of identify.
   664 | D:1      | 664 ||| IDENTIFYING ruby potion
   665 | D:1      | 665 ||| DROPPING scroll of butterflies.
   667 | D:1      | 667 ||| Stepping ~*~*~tactically~*~*~ (cloud).
   820 | D:2      | Reached skill level 7 in Ranged Weapons
   964 | D:2      | Reached XP level 4. HP: 8/25 MP: 6/6
  1283 | D:2      | Found a faded altar of an unknown god.
  1561 | D:2      | 1561 ||| UPGRADING to +0 ring mail of poison resistance.
  1571 | D:2      | 1571 ||| DROPPING +0 ring mail.
  1572 | D:2      | 1572 ||| READING 2 scrolls labelled ZYMYJ WIGAX.
  1573 | D:2      | 1573 ||| READING scroll labelled PASABUS TE ODU.
  1618 | D:2      | 1618 ||| READING scroll labelled UWYUQY OTTEYWK.
  1619 | D:2      | 1619 ||| DRINKING 4 fuming pink potions.
  1620 | D:2      | 1620 ||| READING 5 scrolls of identify.
  1620 | D:2      | 1620 ||| IDENTIFYING viscous coppery potion
  1621 | D:2      | 1621 ||| READING 4 scrolls of identify.
  1621 | D:2      | 1621 ||| IDENTIFYING silvery potion
  1622 | D:2      | 1622 ||| READING 3 scrolls of identify.
  1622 | D:2      | 1622 ||| IDENTIFYING fizzy pink potion
  1623 | D:2      | 1623 ||| DROPPING scroll of fear.
  1624 | D:2      | 1624 ||| DROPPING potion of brilliance.
  1664 | D:3      | Identified the +9 short sword "Cuzxuvuj" {drain, Str+2}
  1724 | D:3      | Reached skill level 8 in Ranged Weapons
  1736 | D:3      | 1736 ||| DRINKING 3 potions of curing.
  1736 | D:3      | 1736 ||| (to cure confusion)
  1742 | D:3      | HP: 6/25 [poisoned by an adder]
  1744 | D:3      | HP: 2/25 [poisoned by an adder]
  1746 | D:3      | Succumbed to an adder's poison

Levels and vault maps discovered:
D:1:      ncdulo_smallfort, layout_loops_ring
D:2:      layout_basic, ebering_ecumenical_altar_box,
          minmay_fractal_squares_gapless_5
D:3:      layout_loops_cross, nicolae_uskayaw_suspiria

Skill      XL: |  1  2  3  4 |
---------------+-------------+-----
Ranged Weapons | 6 7 8 |  8.1
Fighting       | |  1.5
Dodging        | |  2.4
Stealth        | |  1.2

Action                     |  1- 3 |  4- 6 || total
---------------------------+-------+-------++-------
   Fire: Shortbow          |   131 |    70 ||   201
    Use: Scroll            |     4 |     6 ||    10
         Potion            |       |     2 ||     2
 Armour: Leather armour    |    10 |       ||    10
         Ring mail         |    18 |    13 ||    31
  Dodge: Dodged            |    55 |    39 ||    94

Table legend:
 A = Non-vault XP
 B = Vault XP
 C = Vault XP percentage of total XP
 D = Non-vault monster count
 E = Vault monster count
 F = Vault count percentage of total count
                 A         B        C        D         E       F
            +---------+---------+-------+---------+---------+-------
      Total |     141 |      19 |  11.9 |      60 |       4 |   6.2
            +---------+---------+-------+---------+---------+-------
        D:1 |      48 |       0 |   0.0 |      27 |       0 |   0.0
        D:2 |      62 |      19 |  23.5 |      23 |       4 |  14.8
        D:3 |      31 |       0 |   0.0 |      10 |       0 |   0.0
            +---------+---------+-------+---------+---------+-------
